 Dungeon Crawl Stone Soup version 0.23-a0-49-gd9f7a49 (webtiles) character file.

221 galech the Covered (level 5, -7/47 HPs)
             Began as a Minotaur Fighter on Aug 6, 2018.
             Killed by divine providence
             ... invoked by a smoke demon
              (14 damage)
             ... on level 1 of the Abyss.
             The game lasted 00:02:48 (2038 turns).

galech the Covered (Minotaur Fighter)               Turns: 2038, Time: 00:02:49

Health: -7/47      AC:  7    Str: 21    XL:     5   Next: 65%
Magic:  4/4        EV:  8    Int:  5    God:
Gold:   128        SH:  9    Dex: 10    Spells: 4/4 levels left

rFire    . . .     SeeInvis .   j - +2 war axe (freeze)
rCold    . . .     Gourm    .   c - +0 shield
rNeg     . . .     Faith    .   b - +0 scale mail
rPois    .         Spirit   .   (helmet restricted)
rElec    .         Reflect  .   (no cloak)
rCorr    .         Harm     .   (no gloves)
MR       .....                  (no boots)
Stlth    ..........             (no amulet)
HPRegen  0.15/turn              (no ring)
MPRegen  0.09/turn              (no ring)

@: liquid flames, glowing
A: retaliatory headbutt, horns 2
a: no special abilities


You were on level 1 of the Abyss.
You were not hungry.

You visited 1 branch of the dungeon, and saw 5 of its levels.
You visited the Abyss 1 time.
You also visited: Sewer.

You collected 128 gold pieces.

Inventory:

Hand Weapons
 a - a +0 war axe
 j - a +2 war axe of freezing (weapon)
Armour
 b - a +0 scale mail (worn)
 c - a +0 shield (worn)
Scrolls
 l - a scroll of teleportation
 m - a scroll of blinking {unknown}
 p - a scroll of fear {unknown}
 q - a scroll of identify
 r - 2 scrolls of fog {unknown}
Potions
 d - a potion of might
 e - a potion of brilliance {unknown}
 g - a potion of magic {unknown}
 h - 4 potions of curing {unknown}
 k - a potion of degeneration {unknown}
 n - a potion of cancellation {unknown}
 o - a potion of haste {unknown}
 s - a potion of heal wounds {unknown}
Comestibles
 f - 3 rations
 i - 6 chunks of flesh


   Skills:
 + Level 4.9 Fighting
 + Level 4.3 Axes
 + Level 5.3 Armour
 + Level 1.2 Dodging
 + Level 4.1 Shields


You had 4 spell levels left.
You didn't know any spells.
Your spell library was empty.

Dungeon Overview and Level Annotations

Branches:
Dungeon (5/15)
 Temple: D:4-7

Altars:
Ashenzari
Ru

Shops:
D:5 =


Innate Abilities, Weirdness & Mutations

You reflexively headbutt those who attack you in melee.
You have a pair of horns on your head.


Message History

The smoke demon is almost dead.
The smoke demon barely misses you. You block the smoke demon's attack. x2
The smoke demon closely misses you.
The smoke demon hits you but does no damage.
The smoke demon hits you.
You hit the smoke demon but do no damage.
Your headbutt misses the smoke demon.
The smoke demon is almost dead.
The smoke demon gestures at you. The sticky flame hits you!
You are covered in liquid flames!
You closely miss the smoke demon.
The smoke demon is almost dead.
You are covered in liquid flames!
The smoke demon gestures at you. The ball of steam hits you!
* * * LOW HITPOINT WARNING * * *
The smoke demon gestures at you. Something smites you!
You die...

#. .. #.#.### .. ..#
. #.#.. .###.# ...
.. ..#.. # . #.#.#..
.. ....# # #
#.###.3.# . #.#.#@#
#) . #. #....#ยง##
.## . #.. ....##
##..... #
#...#..#....#..#.#.#
. ##.#..##.#.#. ...
#. # ...>...## . ..
. # ..##... .#
...... # # . .
........... # ...
#### #.. .###


You could see a smoke demon.

Vanquished Creatures
  A big kobold (Sewer)
  A worker ant (D:4)
  5 adders
  2 river rats (D:3)
  An ooze (Sewer)
  2 worms (D:2)
  2 leopard geckos (D:2)
  An orc (D:3)
  3 giant cockroaches (D:3)
  3 goblins
  2 hobgoblins
  A jackal (D:3)
  A quokka (D:3)
  5 ball pythons
  6 bats
  A frilled lizard (D:1)
  15 kobolds
  7 rats
59 creatures vanquished.

Notes
Turn   | Place    | Note
-------+----------+-------------------------------------------
     0 | D:1      | galech the Minotaur Fighter began the quest for the Orb.
     0 | D:1      | Reached XP level 1. HP: 19/19 MP: 0/0
   345 | D:1      | Reached XP level 2. HP: 27/27 MP: 1/1
   649 | D:2      | Reached skill level 4 in Armour
   688 | D:2      | Reached XP level 3. HP: 17/34 MP: 2/2
  1661 | D:3      | You fall through a shaft for 2 floors!
  1661 | D:5      | Entered Level 5 of the Dungeon
  1661 | D:5      | Found Ojyupn's Jewellery Emporium.
  1665 | D:5      | Noticed an ogre
  1676 | D:4      | Reached skill level 5 in Armour
  1676 | D:4      | Reached XP level 4. HP: 39/41 MP: 3/3
  1733 | D:3      | Found a sacrificial altar of Ru.
  1762 | D:3      | Found a shattered altar of Ashenzari.
  1804 | D:3      | Found a glowing drain.
  1820 | Sewer    | Entered a sewer
  1850 | Sewer    | Reached XP level 5. HP: 47/47 MP: 4/4
  1875 | Sewer    | Reached skill level 1 in Dodging
  2002 | Sewer    | Cast into level 1 of the Abyss (kobold)
  2029 | Abyss:1  | Noticed a smoke demon
  2038 | Abyss:1  | Killed from afar by a smoke demon

Vault maps used:
D:1:      lemuel_arrival_lava_pool
D:3:      ashenzari_conservatory_becter, minitemple, portal_sewer_entry_e,
          chequers_ecumenical_altar_twisty, minmay_unequal
D:4:      kennysheep_mini, minmay_misc_feat_columns, uniq_edmund
D:5:      first_ration, serial_shops, nicolae_shop_crystal,
          nicolae_tso_carved_into_rock
Sewer:    kennysheep_pipe_town

Skill      XL: |  1  2  3  4  5 |
---------------+----------------+-----
Fighting       | 4 |  4.9
Armour         | 4 5 |  5.3
Axes           | 3 4 |  4.3
Dodging        | 1 |  1.2
Shields        | 4 |  4.1

Action                   |  1- 3 |  4- 6 || total
-------------------------+-------+-------++-------
Melee: War axe           |    45 |    73 ||   118
       Headbutt          |     7 |     9 ||    16
  Use: Scroll            |     3 |       ||     3
  Eat: Chunk             |     2 |     2 ||     4
Armor: Scale mail        |    26 |    30 ||    56
Dodge: Dodged            |    10 |    25 ||    35
Block: Shield            |    14 |    50 ||    64

Table legend:
 A = Spawn XP
 B = Non-spawn XP
 C = Spawn XP percentage of total XP
 D = Spawn monster count
 E = Non-spawn monster count
 F = Spawn count percentage of total count
 G = Total turns spent on level
                    A         B        C        D         E        F      G
               +---------+---------+-------+---------+---------+-------+---------
         Total |       0 |     317 |   0.0 |       0 |      59 |   0.0 |  2038
               +---------+---------+-------+---------+---------+-------+---------
           D:1 |       0 |      12 |   0.0 |       0 |       8 |   0.0 |   602
           D:2 |       0 |      63 |   0.0 |       0 |      12 |   0.0 |  1052
           D:3 |       0 |      77 |   0.0 |       0 |      19 |   0.0 |   144
           D:4 |       0 |      33 |   0.0 |       0 |       1 |   0.0 |    15
         Sewer |       0 |     132 |   0.0 |       0 |      19 |   0.0 |   182
               +---------+---------+-------+---------+---------+-------+---------
